 Dungeon Crawl Stone Soup version 0.22.1-2-g9c5b331383 (webtiles) character file.

145 Jerry the Chopper (level 5, -8/45 HPs)
             Began as a Ghoul Gladiator on Nov 23, 2018.
             Killed by divine providence
             ... invoked by an orc priest
              (14 damage)
             ... on level 3 of the Dungeon.
             The game lasted 00:05:48 (2589 turns).

Jerry the Chopper (Ghoul Gladiator)                 Turns: 2589, Time: 00:05:48

Health: -8/45      AC:  5    Str: 19    XL:     5   Next: 27%
Magic:  4/4        EV: 12    Int:  3    God:
Gold:   159        SH:  0    Dex: 10    Spells: 4/4 levels left

rFire    . . .     SeeInvis .   a - +0 war axe
rCold    + . .     Gourm    .   (no shield)
rNeg     + + +     Faith    .   b - +0 leather armour
rPois    ∞         Spirit   .   c - +0 helmet
rElec    .         Reflect  .   m - +0 cloak
rCorr    +         Harm     .   (no gloves)
MR       .....                  (no boots)
Stlth    +.........             (no amulet)
HPRegen  0.00/turn              l - ring of resist corrosion
MPRegen  0.09/turn              (no ring)

@: rotting
A: rotting body, claws 1, carnivore, cold resistance 1, negative energy
resistance 3, inhibited regeneration, torment resistance, unbreathing
a: no special abilities


You were on level 3 of the Dungeon.
You were not hungry.

You visited 1 branch of the dungeon, and saw 3 of its levels.

You collected 159 gold pieces.

Inventory:

Hand Weapons
 a - a +0 war axe (weapon)
Missiles
 d - 3 throwing nets (quivered)
Armour
 b - a +0 leather armour (worn)
 c - a +0 helmet (worn)
 m - a +0 cloak (worn)
Jewellery
 l - a ring of resist corrosion (left claw)
Scrolls
 g - 2 scrolls of teleportation {unknown}
 h - 2 scrolls of magic mapping {unknown}
 i - 2 scrolls of remove curse {unknown}
 j - a scroll of enchant armour {unknown}
 k - 5 scrolls of identify {unknown}
 o - a scroll of noise {unknown}
Potions
 e - 3 potions of curing {unknown}
 n - a potion of mutation {unknown}
 q - a potion of might {unknown}
Comestibles
 f - 5 rations
 p - 2 chunks of flesh


   Skills:
 + Level 3.2 Fighting
 * Level 3.9 Axes
 + Level 2.5 Throwing
 + Level 1.7 Armour
 - Level 2.6 Dodging


You had 4 spell levels left.
You didn't know any spells.
Your spell library was empty.

Dungeon Overview and Level Annotations

Branches:
Dungeon (3/15)

Altars:
Dithmenos


Innate Abilities, Weirdness & Mutations

Your body is rotting away.
You thrive on raw meat.
You are immune to poison.
You have sharp fingernails.
You are carnivorous and can eat meat at any time.
Your flesh is cold resistant. (rC+)
You are immune to negative energy. (rN+++)
You do not regenerate when monsters are visible.
You are immune to unholy pain and torment.
You can survive without breathing.


Message History

Okay, then.
Eat one of 4 chunks of flesh? (ye/n/q)
You eat one of the 4 chunks of flesh.
This raw flesh tastes great!
The orc hits you with a flail.
The orc priest calls down the wrath of Beogh upon you.
Beogh smites you!
* * * LOW HITPOINT WARNING * * *
Eat one of 3 chunks of flesh? (ye/n/q)
You eat one of the 3 chunks of flesh.
This raw flesh tastes great!
The orc priest looks braver for a moment.
You barely miss the orc. The orc closely misses you. The orc misses you.
You barely miss the orc. The orc misses you.
You slash the orc!
You kill the orc!
The orc priest hits you with a whip.
* * * LOW HITPOINT WARNING * * *
You barely miss the orc priest.
The orc priest mumbles some strange prayers to Beogh against you.
Beogh smites you!
You die...

## ..# #.### # ....
#..#############.#####
#.loo@................
#..o##......##....##..
#.. #......##....##..
#. #......##...)##.. #
........##....##..
.........+......... ##
..........###...##..
#...................#..
#...###.............#..


You could see an orc priest, 2 orcs and a leopard gecko.

Vanquished Creatures
  4 gnolls (D:2)
  2 adders (D:2)
  An ooze (D:3)
  2 worms
  3 dart slugs
  4 leopard geckos
  An orc (D:3)
  A ball python (D:1)
  6 bats
  A giant cockroach (D:1)
  8 goblins
  6 hobgoblins
  2 jackals (D:1)
  2 quokkas (D:2)
  4 frilled lizards
  A jackal skeleton (D:2)
  7 kobolds
  17 rats
72 creatures vanquished.

Notes
Turn   | Place    | Note
-------+----------+-------------------------------------------
     0 | D:1      | Jerry the Ghoul Gladiator began the quest for the Orb.
     0 | D:1      | Reached XP level 1. HP: 17/17 MP: 0/0
    46 | D:1      | Reached XP level 2. HP: 21/25 MP: 1/1
   442 | D:1      | Reached XP level 3. HP: 30/30 MP: 2/2
   644 | D:1      | Reached skill level 1 in Armour
  1025 | D:2      | Reached XP level 4. HP: 32/37 MP: 3/3
  2232 | D:2      | Reached XP level 5. HP: 27/44 MP: 4/4
  2396 | D:3      | Found a shadowy altar of Dithmenos.
  2589 | D:3      | Killed from afar by an orc priest

Skill      XL: |  1  2  3  4 |
---------------+-------------+-----
Throwing       | 2 |  2.5
Axes           | 3 |  3.9
Armour         | 1 |  1.7
Fighting       | 3 |  3.2
Dodging        | |  2.6

Action                   |  1- 3 |  4- 6 || total
-------------------------+-------+-------++-------
Melee: War axe           |   123 |   106 ||   229
  Eat: Chunk             |    13 |    15 ||    28
Armor: Leather armour    |    51 |    51 ||   102
Dodge: Dodged            |   103 |   115 ||   218
